 Dungeon Crawl Stone Soup version 0.29-a0-350-g7790a0e70a (webtiles) character file.

Game seed: 7400917603126947485

4 caffe the Ducker (level 1, -2/18 HPs)
             Began as a Merfolk Monk on Apr 23, 2022.
             Killed from afar by a dart slug (4 damage)
             ... with a slug dart
             ... on level 1 of the Dungeon.
             The game lasted 00:04:20 (197 turns).

caffe the Ducker (Merfolk Monk)                      Turns: 197, Time: 00:04:21

Health: -2/18      AC:  5    Str: 11    XL:     1   Next: 70%
Magic:  1/1        EV: 12    Int:  9    God:
Gold:   10         SH:  0    Dex: 16    Spells: 0/0 levels left

rFire   . . .      SeeInvis .   f - +0 spear
rCold   . . .      Faith    .   (no shield)
rNeg    . . .      Spirit   .   h - +0 ring mail
rPois   .          Reflect  .   (no helmet)
rElec   .          Harm     .   (no cloak)
rCorr   .          Rampage  .   (no gloves)
Will    .....                   (no boots)
Stlth   +.........              (no amulet)
HPRegen 0.06/turn               (no ring)
MPRegen 0.07/turn               (no ring)

@: no status effects
A: (nimble swimmer 2), mertail
a: no special abilities


You were on level 1 of the Dungeon.
You visited 1 branch of the dungeon, and saw 1 of its levels.

You collected 10 gold pieces.

Inventory:

Hand Weapons
 a - a +0 hand axe
 f - a +0 spear (weapon)
Missiles
 g - 3 boomerangs (quivered)
Armour
 b - a +0 robe
 h - a +0 ring mail (worn)
Scrolls
 i - a scroll of identify {unknown}
 j - a scroll of teleportation {unknown}
Potions
 c - a potion of ambrosia
 d - a potion of haste {unknown}
 e - a potion of brilliance {unknown}


   Skills:
 + Level 3.3 Fighting
 + Level 2.5 Axes
 + Level 0.2(2.5) Polearms
 + Level 4.1 Dodging
 + Level 2.2 Stealth


You couldn't memorise any spells.
You didn't know any spells.
Your spell library was empty.

Dungeon Overview and Level Annotations

Branches:
Dungeon (1/15)

Altars:


Innate Abilities, Weirdness & Mutations

((You are very nimble when in or above water. (Stealth+, EV+, Speed+++)))
Your lower body shifts to a powerful aquatic tail in water.


Message History

The jackal bites you.
The jackal bites you but does no damage.
The jackal attacks as you move away! The jackal barely misses you.
The jackal attacks as you move away! The jackal closely misses you.
The jackal attacks as you move away! The jackal closely misses you.
The jackal bites you but does no damage.
The jackal barely misses you.
The jackal bites you but does no damage.
The jackal barely misses you.
Found a metallic grey potion.
Found a stone staircase leading down.
The jackal bites you. The jackal closely misses you.
A dart slug comes into view.
The jackal misses you. The jackal attacks as you move away!
The jackal barely misses you. x2
The jackal closely misses you. The jackal attacks as you move away!
The jackal bites you.
The jackal bites you but does no damage.
You see here a +0 hunting sling.
You hit the jackal.
You kill the jackal!
The jackal closely misses you. The jackal bites you.
You barely miss the jackal. The jackal closely misses you.
The jackal bites you. x2
You hit the jackal.
The jackal is heavily wounded.
The jackal bites you. The jackal closely misses you.
You hit the jackal.
You kill the jackal!
The jackal bites you but does no damage.
The dart slug launches a dart at you. The slug dart hits you.
* * * LOW HITPOINT WARNING * * *
The jackal bites you.
* * * LOW HITPOINT WARNING * * *
The jackal bites you.
* * * LOW HITPOINT WARNING * * *
The dart slug launches a dart at you. The slug dart hits you.
You die...

..... ..#.## .## ..... ..
...### .## ....
########..# ####..
........# ..#.##
......^.+ #.#@)# ##!##
......(.######.#h†#.....#
..........$...........>..
.................#.#.#.##
...............###w# #
########.......# ..
#.......# ... #########
...# #.##


You could see a dart slug and a jackal.

Vanquished Creatures
  3 jackals (D:1)
  A rat (D:1)
4 creatures vanquished.

Notes
Turn   | Place    | Note
-------+----------+-------------------------------------------
     0 | D:1      | caffe the Merfolk Monk began the quest for the Orb.
     0 | D:1      | Reached XP level 1. HP: 18/18 MP: 1/1
   197 | D:1      | Killed from afar by a dart slug

Illustrated notes

Levels and vault maps discovered:
D:1:      eino_arrival_cavern_b, layout_basic, shapermc_ecumenical_altar_ellora,
          ebering_dispersal_statue_hall, minmay_crystal_water,
          supply_closet_lemuel

Action                   || total
-------------------------++-------
Melee: Spear             ||    17
       Hand axe          ||     2
       Punch             ||     2
Armor: Ring mail         ||    14
Dodge: Dodged            ||    37

Table legend: (Time is in decaauts)
 A = Elapsed time spent in this place.
 B = Non-inter-level travel time spent in this place.
 C = Inter-level travel time spent in this place.
 D = Time resting spent in this place.
 E = Time spent auto-exploring this place.
 F = Levels seen in this place.
 G = Mean time per level.
                   A        B        C        D        E       F      G
               +--------+--------+--------+--------+--------+-----+--------+
         Total |    186 |    144 |     42 |      0 |      0 |   1 |  186.0 |
       Dungeon |    186 |    144 |     42 |      0 |      0 |   1 |  186.0 |
               +--------+--------+--------+--------+--------+-----+--------+

Top non-repeatable levels by time:
     D:1: 186 daAuts
